Map: Dead of Night

Players

NamroodTuo

  • Race: Terran Terran
  • Spawn Location: 0:00

Millo

  • Race: Terran Terran
  • Spawn Location: 0:00

VOD

Have the link to the VOD?

Description

Time

  • Played on: Jan. 26, 2023, 12:27 p.m.
  • Length: 26:08
Show
View Real Time Build Order
Export as new Build Order

NamroodTuo Terran 

Build Orders:  

Get SALT Encoding   

  12  0:04  SCV  
  13  0:17  SCV  
  14  0:31  SCV  
  15  0:41  Supply Depot  
  15  1:00  Factory  
  15  1:02  SCV  
  16  1:16  SCV  
  10  1:30  SCV  
  17  1:39  Perdition Turret  
  18  1:43  SCV  
  19  1:57  SCV  
  20  2:00  Perdition Turret  
  20  2:10  SCV  
  21  2:24  SCV  
  22  2:37  SCV  
  23  2:56  Devastation Turret  
  23  3:10  Devastation Turret  
  23  3:23  Devastation Turret  
  23  3:45  Devastation Turret  
  23  4:12  Devastation Turret  
  23  4:29  Devastation Turret  
  23  4:55  Devastation Turret  
  23  5:13  Devastation Turret  
  23  5:28  Armory  
  23  5:33  Perdition Turret  
  23  5:39  Perdition Turret  
  23  5:40  Supply Depot  
  23  5:42  Perdition Turret  
  23  5:43  Perdition Turret  
  23  5:48  SCV  
  24  5:50  Perdition Turret  
  24  5:51  Perdition Turret  
  24  5:56  Perdition Turret x2  
  24  5:59  Perdition Turret  
  24  6:01  SCV  
  24  6:06  Perdition Turret  
  24  6:07  Refinery  
  25  6:14  Refinery  
  25  6:15  SCV, Refinery  
  25  6:18  Perdition Turret  
  26  6:21  Perdition Turret  
  26  6:29  SCV  
  27  6:38  Perdition Turret  
  27  6:41  Perdition Turret  
  27  6:42  SCV  
  27  6:44  Perdition Turret  
  28  6:56  SCV, Perdition Turret  
  29  7:04  Engineering Bay  
  29  7:05  Factory Tech Reactor  
  29  7:09  SCV  
  30  7:23  SCV  
  30  7:25  Perdition Turret  
  30  7:26  Perdition Turret  
  30  7:29  Perdition Turret  
  31  7:43  Perdition Turret  
  31  7:45  Perdition Turret  
  31  7:58  Perdition Turret  
  31  8:02  Devastation Turret  
  31  8:12  Devastation Turret  
  31  8:19  Supply Depot  
  31  8:22  Supply Depot  
  31  8:38  Perdition Turret  
  31  8:39  SCV  
  32  8:41  Supply Depot  
  32  8:50  Devastation Turret  
  32  8:52  SCV  
  33  9:05  Upgrade Laser Drill Level 1, Supply Depot  
  33  9:06  SCV  
  33  9:09  Devastation Turret  
  34  9:19  SCV  
  35  9:33  SCV  
  35  9:38  Devastation Turret  
  36  9:46  SCV  
  37  10:00  SCV  
  37  10:07  Perdition Turret, Spinning Dizzy  
  38  10:13  SCV  
  39  10:24  Perdition Turret  
  39  10:27  SCV  
  40  10:41  SCV  
  40  10:42  Perdition Turret  
  41  10:54  SCV  
  42  11:00  Devastation Turret  
  42  11:01  Spinning Dizzy  
  42  11:02  Perdition Turret  
  42  11:08  SCV  
  43  11:15  Perdition Turret x3  
  43  11:19  Fire-Suppression Systems  
  43  11:21  SCV  
  43  11:23  Spinning Dizzy  
  43  11:24  Perdition Turret  
  43  11:25  Perdition Turret  
  43  11:27  Perdition Turret  
  44  11:35  SCV  
  45  11:45  Spinning Dizzy  
  45  11:52  Perdition Turret x2  
  45  11:53  Perdition Turret  
  45  12:06  Perdition Turret  
  45  12:09  Perdition Turret x2  
  45  12:10  Perdition Turret  
  45  12:14  Perdition Turret  
  45  12:19  KMC Auto-Loaders  
  45  12:22  Spinning Dizzy  
  45  12:26  Perdition Turret x2  
  45  12:27  Perdition Turret x2  
  45  12:29  Perdition Turret  
  45  12:30  Perdition Turret  
  45  12:34  Perdition Turret  
  45  12:36  Spinning Dizzy  
  45  12:38  Devastation Turret  
  45  12:48  Perdition Turret x2  
  45  12:49  Perdition Turret  
  45  12:52  Perdition Turret x2  
  45  12:53  Spinning Dizzy, Advanced Optics  
  45  12:54  Perdition Turret  
  45  12:56  Perdition Turret x2  
  45  13:00  Perdition Turret  
  45  13:02  Perdition Turret  
  45  13:03  Perdition Turret  
  45  13:08  Supply Depot  
  45  13:13  Perdition Turret x2  
  45  13:14  Perdition Turret x2  
  45  13:15  Perdition Turret  
  45  13:20  Perdition Turret  
  45  13:22  Perdition Turret  
  45  13:26  Perdition Turret x2  
  45  13:27  Thor  
  51  13:38  Perdition Turret x2  
  51  13:39  Perdition Turret, Devastation Turret  
  51  13:40  Supply Depot  
  51  13:49  Hi-Sec Auto Tracking  
  51  13:50  Perdition Turret  
  51  13:52  Perdition Turret  
  51  13:53  Perdition Turret x2  
  51  13:57  Perdition Turret  
  51  13:59  Perdition Turret  
  51  14:00  Perdition Turret x2  
  51  14:01  Perdition Turret  
  51  14:05  Perdition Turret  
  51  14:07  Upgrade Laser Drill Level 2, Perdition Turret  
  51  14:08  Perdition Turret  
  51  14:11  Perdition Turret  
  51  14:14  Perdition Turret  
  51  14:17  Perdition Turret  
  50  14:22  Devastation Turret  
  50  14:25  Perdition Turret x2  
  50  14:26  Perdition Turret x2  
  50  14:28  Perdition Turret  
  50  14:29  Perdition Turret  
  48  14:30  330mm Barrage Cannon  
  48  14:35  Perdition Turret x2  
  48  14:36  Perdition Turret  
  48  14:43  Devastation Turret  
  48  14:44  Perdition Turret  
  48  14:47  Perdition Turret, Supply Depot  
  48  14:48  Structure Armor  
  48  14:53  Regenerative Bio-Steel  
  48  15:03  Devastation Turret  
  48  15:11  Spinning Dizzy  
  48  15:15  Devastation Turret  
  48  15:20  Supply Depot  
  48  15:34  Devastation Turret  
  48  15:38  Perdition Turret  
  48  15:39  SCV  
  49  15:53  SCV  
  49  15:57  Factory  
  50  16:06  SCV  
  51  16:20  SCV, Starport  
  51  16:22  Terran Vehicle and Ship Weapons Level 1  
  51  16:27  Factory Tech Reactor  
  52  16:34  SCV  
  53  16:43  Starport Tech Reactor  
  53  16:50  Devastation Turret  
  53  17:10  Perdition Turret x2  
  53  17:24  Perdition Turret  
  53  17:28  Perdition Turret  
  53  17:40  Perdition Turret  
  53  17:44  Science Vessel x2  
  53  17:49  Spinning Dizzy  
  57  17:56  Spinning Dizzy  
  57  18:00  Thor  
  63  18:16  Perdition Turret  
  63  18:19  Perdition Turret  
  63  18:31  Thor  
  63  18:32  Science Vessel x2  
  63  18:36  Perdition Turret  
  73  18:43  Thor, Spinning Dizzy  
  73  18:48  Perdition Turret  
  79  18:52  Perdition Turret  
  79  18:56  Perdition Turret  
  79  18:59  Thor  
  85  19:02  Terran Vehicle And Ship Armor Level 1  
  85  19:05  Perdition Turret  
  85  19:09  Perdition Turret  
  85  19:14  Perdition Turret  
  85  19:21  Perdition Turret  
  85  19:29  Perdition Turret  
  85  19:44  Perdition Turret x2  
  85  19:45  Perdition Turret x4  
  85  19:46  Perdition Turret x2  
  85  19:47  Devastation Turret  
  85  19:48  Perdition Turret  
  85  19:49  Devastation Turret  
  85  19:52  Perdition Turret x3  
  85  19:53  Devastation Turret  
  85  19:56  Perdition Turret x3  
  85  19:59  Perdition Turret  
  85  20:01  Perdition Turret  
  85  20:10  Perdition Turret  
  85  20:17  Devastation Turret  
  85  20:21  Perdition Turret  
  85  20:22  Perdition Turret  
  85  20:23  Perdition Turret  
  85  20:24  Perdition Turret  
  85  20:25  Perdition Turret, Devastation Turret  
  85  20:26  Perdition Turret x2  
  85  20:27  Perdition Turret  
  85  20:31  Perdition Turret  
  85  20:32  Perdition Turret x2  
  85  20:33  Perdition Turret  
  85  20:37  Perdition Turret x3  
  85  20:38  Perdition Turret, Devastation Turret  
  85  20:39  Perdition Turret  
  85  20:42  Perdition Turret x2  
  85  20:45  Perdition Turret  
  85  20:51  Perdition Turret  
  85  20:52  Perdition Turret x3  
  85  20:53  Perdition Turret  
  85  21:15  Thor, Perdition Turret x2  
  85  21:16  Perdition Turret x3  
  91  21:21  Perdition Turret  
  91  21:24  Thor, Perdition Turret x3  
  91  21:26  Perdition Turret  
  91  21:27  Perdition Turret  
  91  21:29  Perdition Turret  
  95  21:33  Perdition Turret  
  95  21:34  Perdition Turret  
  95  21:35  Perdition Turret x2  
  95  21:37  Perdition Turret x2  
  95  21:49  Perdition Turret  
  95  21:51  Perdition Turret x2  
  95  21:52  Perdition Turret  
  95  21:56  Perdition Turret  
  95  21:59  Perdition Turret x3  
  95  22:00  Perdition Turret x4  
  95  22:05  Perdition Turret  
  95  22:06  Perdition Turret x3  
  95  22:07  Perdition Turret x4  
  95  22:09  Perdition Turret  
  95  22:12  Perdition Turret x2  
  95  22:13  Perdition Turret x3  
  95  22:14  Perdition Turret  
  95  22:15  Perdition Turret  
  95  22:18  Perdition Turret x2  
  95  22:19  Perdition Turret x3  
  95  22:20  Perdition Turret  
  95  22:24  Perdition Turret  
  95  22:26  Perdition Turret  
  95  22:28  SCV, Perdition Turret x2  
  94  22:30  Perdition Turret  
  94  22:31  Perdition Turret  
  94  22:33  Perdition Turret, Devastation Turret  
  94  22:42  SCV  
  94  22:46  Devastation Turret  
  95  22:55  Supply Depot  
  95  22:57  Supply Depot  
  95  22:59  Supply Depot  
  95  23:04  Supply Depot  
  95  23:16  SCV  
  95  23:17  Thor  
  102  23:22  Thor  
  102  23:26  Thor  
  114  23:30  SCV  
  114  23:34  Thor  
  114  23:37  Supply Depot  
Show
View Real Time Build Order
Export as new Build Order

Millo Terran 

Build Orders:  

Get SALT Encoding   

  12  0:19  Orbital Command  
  12  0:30  Refinery  
  12  0:54  SCV  
  13  1:11  SCV  
  13  1:18  Supply Depot  
  14  1:28  SCV  
  15  1:32  Starport  
  15  1:45  SCV  
  16  1:56  Supply Depot  
  16  2:02  SCV  
  17  2:19  SCV  
  18  2:31  Fusion Core  
  18  2:36  SCV  
  19  2:44  Refinery  
  19  2:49  Starport Tech Lab  
  19  2:53  SCV  
  20  3:05  Supply Depot  
  20  3:10  SCV  
  21  3:27  SCV  
  22  3:43  SCV  
  22  3:44  Refinery  
  22  3:45  Battlecruiser  
  29  4:00  SCV  
  30  4:18  SCV  
  31  4:30  Battlecruiser  
  31  4:37  SCV  
  38  4:53  Supply Depot  
  38  5:03  Armory  
  38  5:19  SCV  
  39  5:23  Weapon Refit  
  39  5:36  SCV  
  40  5:52  SCV  
  40  5:56  Battlecruiser  
  47  6:11  Supply Depot  
  47  6:14  SCV  
  47  6:17  Afterburners  
  48  6:50  SCV  
  49  7:03  Battlecruiser  
  55  7:16  Supply Depot  
  55  7:17  Advanced Optics  
  55  7:19  SCV  
  56  7:36  SCV  
  57  7:56  Battlecruiser  
  63  9:17  Terran Vehicle and Ship Weapons Level 1  
  63  9:18  Supply Depot  
  63  9:19  Battlecruiser, Supply Depot  
  63  9:21  SCV, Supply Depot  
  63  9:22  Supply Depot  
  63  9:23  Supply Depot  
  70  9:38  SCV  
  71  9:55  SCV  
  72  10:14  Battlecruiser  
  78  11:21  Battlecruiser  
  84  11:43  Starport  
  84  11:52  Starport  
  84  11:57  Terran Vehicle And Ship Armor Level 1  
  84  13:12  Starport Tech Lab x2  
  84  13:31  Command Center  
  84  13:37  Command Center  
  84  13:44  Command Center  
  84  14:28  Battlecruiser  
  84  14:37  Terran Vehicle and Ship Weapons Level 2  
  84  14:38  Battlecruiser x2  
  102  15:11  Battlecruiser  
  108  15:21  Battlecruiser  
  114  15:56  Battlecruiser x2  
  120  17:14  Battlecruiser  
  126  17:27  Orbital Command x3  
  126  17:47  Terran Vehicle And Ship Armor Level 2  
  126  18:36  Battlecruiser x3  
  144  20:27  Supply Depot  
  144  20:30  Supply Depot  
  144  20:31  Battlecruiser x2  
  144  20:32  Supply Depot  
  144  20:33  Battlecruiser  
  162  20:56  Terran Vehicle and Ship Weapons Level 3  
  162  21:42  Supply Depot  
  162  21:43  Battlecruiser  
  162  21:44  Supply Depot  
  162  21:45  Battlecruiser x2  
  162  21:47  Supply Depot  
  177  23:00  SCV  
  178  23:17  SCV  
  178  23:53  Battlecruiser  
  184  24:59  Battlecruiser x2, Supply Depot  
  184  25:00  Supply Depot  
Tags
 
Commander
RaynorSwann
Matchup
Co-op
Replay Pack
Multiplayer
Add a new tag
Caveats
  • Supply blocks, unpowered buildings, or Contaminate may cause inaccurate times.
  • Supply counts are checked every 10 seconds.